 Dungeon Crawl Stone Soup version 0.16.1-4-g8e1b745 (webtiles) character file.

228 sugabear the Shield-Bearer (level 6, -2/38 HPs)
             Began as a Gargoyle Fighter on Mar 27, 2015.
             Killed by nerve-wracking pain
             ... invoked by a shadow imp
              (7 damage)
             ... on level 3 of the Dungeon.
             The game lasted 00:04:12 (2096 turns).

sugabear the Shield-Bearer (Gargoyle Fighter)       Turns: 2096, Time: 00:04:12

Health: -2/38      AC: 21    Str: 21    XL:     6   Next: 2%
Magic:  0/6        EV:  6    Int:  9    God:
Gold:   192        SH:  9    Dex:  9    Spells: 0 memorised, 5 levels left

rFire  . . .     SeeInvis .     a - +0 war axe
rCold  + . .     Clarity  .     t - +2 chain mail {rC+}
rNeg   + . .     SustAb   .     c - +0 shield
rPois  ∞         Gourm    .     (no helmet)
rElec  +         Spirit   +     x - +1 cloak
rCorr  .         Warding  .     (no gloves)
rMut   .         Stasis   .     (no boots)
MR     .....                    e - amulet of guardian spirit
Stlth  ..........               n - +4 ring of protection
                                l - ring of stealth

@: not resistant to hostile enchantments, extremely unstealthy
A: negative energy resistance 1, electricity resistance, unbreathing,
petrification resistance, rot immunity, AC +4
a: no special abilities


You were on level 3 of the Dungeon.
You were not hungry.

You visited 1 branch of the dungeon, and saw 3 of its levels.

You collected 192 gold pieces.

Inventory:

Hand weapons
 a - a +0 war axe (weapon)
Missiles
 D - 3 javelins (quivered)
Armour
 c - a +0 shield (worn)
 t - a +2 chain mail of cold resistance (worn)
 x - a +1 cloak (worn)
Jewellery
 e - an amulet of guardian spirit (around neck)
 l - a ring of stealth (left hand)
 n - a +4 ring of protection (right hand)
Magical devices
 v - a wand of confusion (24)
 F - a wand of flame (17)
Scrolls
 b - a scroll of recharging {unknown}
 g - a scroll of enchant armour {unknown}
 m - a scroll of remove curse {unknown}
 q - 3 scrolls of identify {unknown}
 s - a scroll of magic mapping {unknown}
 w - a scroll of noise {unknown}
 y - a scroll of blinking {unknown}
 z - a scroll of enchant weapon {unknown}
 C - a scroll of random uselessness {unknown}
Potions
 f - a potion of magic {unknown}
 h - a potion of heal wounds {unknown}
 i - a potion of brilliance {unknown}
 k - a potion of cancellation {unknown}
 o - a potion of curing {unknown}
 p - a potion of mutation {unknown}
 r - 2 potions of invisibility {unknown}
 u - a potion of ambrosia {unknown}
 A - a potion of experience {unknown}
 E - a potion of cure mutation {unknown}
Comestibles
 d - 6 bread rations
 j - 3 beef jerkies
 B - a chunk of flesh


   Skills:
 + Level 4.1 Fighting
 + Level 2.6 Axes
 + Level 3.7 Armour
 + Level 1.7 Dodging
 + Level 5.1 Shields


You had 5 spell levels left.
You didn't know any spells.

Dungeon Overview and Level Annotations

Branches:
Dungeon (3/15)

Altars:
Ru
Xom


Innate Abilities, Weirdness & Mutations

You are resistant to torment.
You are immune to poison.
Your stone body is very resilient (AC +4).
You resist negative energy.
You are resistant to electric shocks.
You can survive without breathing.
You are immune to petrification.
You are immune to rotting.


Message History

You hit the orc zombie!
You destroy the orc zombie!
You barely miss the shadow imp.
The shadow imp hits you but does no damage. x2
You closely miss the shadow imp. You block the shadow imp's attack.
You closely miss the shadow imp. You block the shadow imp's attack.
The orc priest mumbles some strange prayers to Beogh against you.
Something smites you! The shadow imp barely misses you.
Your shield and chain mail prevent you from hitting the shadow imp.
The shadow imp completely misses you.
The orc priest mumbles some strange prayers to Beogh against you.
Something smites you!
* * * LOW HITPOINT WARNING * * *
You are too injured to fight recklessly!
You are too injured to fight recklessly!
You are too injured to fight recklessly!
You see here a ring mail.
The shadow imp gestures at you. Pain shoots through your body!
You die...

######........# ###...
#......######## ####...#.
#......# ##........
#......#### #..###.###
#.........## #.####.#
#......##..# ######.##...#
#...[..###.####......##.###
#......# #...#..#####...#
######## ###@..#####..###
#.......#.##
#####5#####.#.# #.b)o.#
#.#.######## #<..#####
#..).....(.. ...
###...######## . #...###
#####.### #.....#


You could see an orc priest and a shadow imp.

Vanquished Creatures
  The ghost of gw the Ducker, a weakling DEAr of Nemelex Xobeh (D:3)
  An orc priest (D:3)
  An orc wizard (D:2)
  Terence (D:2)
  4 adders
  2 worms (D:3)
  3 giant geckos
  An ooze (D:2)
  9 orcs (D:3)
  8 hobgoblins
  4 jackals
  2 quokkas (D:2)
  A ball python (D:3)
  5 bats
  A giant cockroach (D:2)
  6 giant newts
  7 goblins
  A hobgoblin zombie (D:3)
  5 kobolds
  An orc zombie (D:3)
  12 rats
  A rat zombie (D:3)
77 creatures vanquished.

Notes
Turn   | Place    | Note
--------------------------------------------------------------
     0 | D:1      | sugabear, the Gargoyle Fighter, began the quest for the Orb.
     0 | D:1      | Reached XP level 1. HP: 14/14 MP: 1/1
    50 | D:1      | Reached XP level 2. HP: 13/19 MP: 2/2
   620 | D:2      | Reached XP level 3. HP: 12/23 MP: 3/3
   790 | D:2      | Reached skill level 4 in Shields
   951 | D:2      | Found a shimmering altar of Xom.
  1017 | D:2      | Noticed Terence
  1030 | D:2      | Killed Terence
  1030 | D:2      | Reached skill level 1 in Dodging
  1030 | D:2      | Reached XP level 4. HP: 23/28 MP: 4/4
  1081 | D:2      | Found a sacrificial altar of Ru.
  1458 | D:3      | Reached XP level 5. HP: 30/33 MP: 5/5
  1738 | D:3      | Noticed gw's ghost (weakling DEAr)
  1747 | D:3      | Killed gw's ghost
  1747 | D:3      | Reached skill level 5 in Shields
  2082 | D:3      | Reached XP level 6. HP: 38/38 MP: 6/6
  2096 | D:3      | Killed from afar by a shadow imp

Action                   |  1- 3 |  4- 6 || total
-------------------------+-------+-------++-------
Melee: War axe           |   134 |   154 ||   288
  Use: Potion            |       |     1 ||     1
  Eat: Chunk             |     1 |     4 ||     5
